 Dungeon Crawl Stone Soup version 0.19.1 (webtiles) character file.

60981 theRoog the Impaler (level 14, -1/135 HPs)
             Began as a Minotaur Berserker on Dec 19, 2016.
             Was the Champion of Trog.
             Killed by divine providence
             ... invoked by an orc high priest
              (13 damage)
             ... on level 2 of the Orcish Mines on Dec 20, 2016.
             The game lasted 00:49:36 (16028 turns).

theRoog the Impaler (Minotaur Berserker)           Turns: 16028, Time: 00:49:36

Health: -1/135     AC: 20    Str: 32    XL:     14   Next: 58%
Magic:  13/13      EV:  9    Int:  7    God:    Trog [******]
Gold:   2295       SH: 14    Dex:  7    Spells: 0 memorised, 13 levels left

rFire  + . .     SeeInvis .     b - +8 trident "Userukh" {flame, Int+3}
rCold  x . .     Gourm    .     P - +3 plate armour
rNeg   + . .     Faith    .     A - +0 shield
rPois  +         Spirit   .     (helmet unavailable)
rElec  .         Reflect  .     U - +0 cloak {rPois}
rCorr  .         Harm     .     u - +0 pair of gloves
MR     ++++.                    g - +1 pair of boots
Stlth  ..........               (no amulet)
                                R - ring of positive energy
                                a - ring "Bobypof" {Fire Str+4}

@: exhausted, about to teleport, regenerating, slowed, very slow
A: retaliatory headbutt, horns 3, blink, clumsy 1, deformed body, magic
resistance 1, screaming 1, shaggy fur 1
a: Blink, Berserk, Trog's Hand, Brothers in Arms, Burn Spellbooks, Renounce
Religion


You were on level 2 of the Orcish Mines.
You worshipped Trog.
Trog was exalted by your worship.
You were not hungry.

You visited 2 branches of the dungeon, and saw 17 of its levels.
You also visited: Ossuary.

You collected 2295 gold pieces.

Inventory:

Hand Weapons
 b - the +8 trident "Userukh" (weapon) {flame, Int+3}
   (Trog gifted it to you on level 10 of the Dungeon)

   It has been specially enchanted to burn those struck by it, causing extra
   injury to most foes and up to half again as much damage against particularly
   susceptible opponents.
   It affects your intelligence (+3).
 c - a +2 antimagic demon trident
 k - a +1 demon blade of draining
 y - a +0 giant club
 z - a +1 antimagic bardiche
 H - the +9 spear of Unreason {pierce, *Noise +Rage Int+2 Stlth+}
   (You found it on level 8 of the Dungeon)

   It inflicts extra damage upon your enemies.
   It affects your intelligence (+2).
   It lets you go berserk.
   It may make noises in combat.
   It makes you more stealthy.
Armour
 g - a +1 pair of boots (worn)
 i - +0 fire dragon scales
 m - a +2 hat
 u - a +0 pair of gloves (worn)
 A - a +0 shield (worn)
 B - a +1 plate armour of fire resistance
 P - a +3 plate armour (worn)
 U - a +0 cloak of poison resistance (worn)
 W - +2 steam dragon scales
Jewellery
 a - the ring "Bobypof" (left hand) {Fire Str+4}
   (You acquired it on level 14 of the Dungeon)

   [ring of fire]

   It enhances your fire magic.
   It affects your strength (+4).
   It protects you from fire.
   It makes you vulnerable to cold.
 h - an uncursed ring of protection from fire
 w - a +4 ring of intelligence
 F - an uncursed ring of see invisible
 R - a ring of positive energy (right hand)
 Z - an uncursed ring of ice
Wands
 r - a wand of paralysis (20/24)
Scrolls
 d - 10 scrolls of remove curse
 l - 3 scrolls of enchant weapon
 q - 3 scrolls of magic mapping
 s - 2 scrolls of blinking
 t - 4 scrolls of teleportation
 E - 2 scrolls of identify
 G - a scroll of vulnerability
 M - 3 scrolls of recharging
Potions
 f - 6 potions of curing
 p - 3 potions of haste
 v - a potion of might
 x - a potion of magic
 I - 2 potions of brilliance
 K - 4 potions of agility
Books
 e - a book of the Tempests

   Spells                             Type                      Level
   a - Static Discharge               Conjuration/Air              3
   b - Lightning Bolt                 Conjuration/Air              5
   c - Fireball                       Conjuration/Fire             5
   d - Tornado                        Air                          9
   e - Shatter                        Earth                        9
   Trog disapproves of the use of such an item.
Miscellaneous
 J - a crystal ball of energy
 V - 2 phantom mirrors
 X - a crystal ball of energy
Comestibles
 j - 7 meat rations
 n - 5 bread rations


   Skills:
 + Level 15.1 Fighting
 + Level 5.8 Long Blades
 + Level 16.6 Polearms
 + Level 13.4 Armour
 + Level 4.6 Dodging
 + Level 1.5 Stealth
 + Level 13.5 Shields


You had 13 spell levels left.
You didn't know any spells.

Dungeon Overview and Level Annotations

Branches:
Dungeon (15/15)            Temple (0/1) D:7            Lair (0/6) D:11
    Orc (2/2) D:12            Elf (0/3) Orc:2        Vaults (0/5) D:13
 Depths (0/5) D:15

Altars:
Ashenzari
Trog
Uskayaw
Vehumet
The Shining One
Beogh

Shops:
D:5 !=?   D:10 }


Innate Abilities, Weirdness & Mutations

You reflexively headbutt those who attack you in melee.
You have a pair of large horns on your head.
You can translocate small distances at will.
You are clumsy. (Dex -2)
Armour fits poorly on your strangely shaped body.
You are resistant to hostile enchantments. (MR+)
You occasionally shout uncontrollably at your foes.
You are covered in fur. (AC +1)


Message History

You are covered in liquid flames!
* * * LOW HITPOINT WARNING * * *
You block the hellwing's attack.
The hellwing hits you but does no damage.
The smoke demon gestures at you. The sticky flame misses you.
The soul eater completely misses you. You furiously retaliate!
You headbutt the soul eater! You block the orc priest's attack.
The orc high priest says, "The wrath of Beogh will be yours."
The orc high priest invokes the aid of Beogh against you.
Beogh smites you!
* * * LOW HITPOINT WARNING * * *
The hellwing hits you but does no damage. x2
The smoke demon hits you but does no damage.
The smoke demon barely misses you.
The smoke demon hits you but does no damage.
You are covered in liquid flames!
The orc high priest mumbles some strange prayers to Beogh against you.
Beogh smites you!
You die...

.........# #..
........# .........#
#.. #...#...#
.........#
#.........#
.........#
#..#...#..#
.........# #..)....#
.........#### ##)..##
.........#..###o3o..#
.........#...###3..##
.............#.4@)##
...............).##
..................#
..............##.##
.....#.........###
....#.......#.##
.............##
..............
.............#


You could see a soul eater, an orc high priest, a hellwing, a smoke demon and an
orc priest.

Vanquished Creatures
  Rupert (D:14)
  An orc warlord (Orc:2)
  Nessos (Orc:2)
  A fire dragon (D:15)
  An ogre mage (D:15)
  2 hydras (D:15)
  An ice dragon (D:15)
  Fannar (D:10)
  A catoblepas (D:15)
  2 centaur warriors
  A tengu warrior (D:14)
  Urug (D:11)
  A skeletal warrior (D:13)
  A deep elf knight (D:13)
  4 unseen horrors
  Pikel (D:6)
  8 hill giants
  3 orc knights
  An orc sorcerer (Orc:2)
  8 deep elf magi
  13 ugly things
  3 cyclopes
  An oklob plant (D:13)
  A manticore (D:14)
  Maurice (D:8)
  An efreet (D:15)
  5 kobold demonologists
  4 yaktaurs (D:13)
  A harpy zombie (D:14)
  6 trolls
  4 two-headed ogres
  2 hornets
  Grinder (D:4)
  Prince Ribbit (D:8)
  11 slime creatures
  A blink frog (D:11)
  A hippogriff (D:10)
  A meliai zombie (D:13)
  The ghost of elan the Carver, an amateur HEGl (Ossuary)
  2 shadows
  6 wyverns
  A vampire (D:14)
  3 wraiths
  15 yaks
  A basilisk (D:15)
  3 fire elementals (Orc:2)
  Grum (D:8)
  5 hungry ghosts
  4 vampire mosquitoes (D:15)
  4 hell hounds (Orc:2)
  2 wargs (Orc:2)
  A porcupine (D:11)
  A porcupine (shapeshifter) (D:8)
  2 ice beasts
  3 black bears (D:8)
  22 orc warriors
  8 sky beasts
  9 ogres
  9 centaurs
  8 boggarts (D:15)
  2 wolves (D:8)
  The ghost of elan the Slasher, an amateur HEGl (D:3)
  10 big kobolds
  2 crocodiles
  6 bullfrogs
  A gnoll sergeant (D:9)
  A wyvern zombie (D:9)
  A wyvern skeleton (D:13)
  2 scorpions
  19 killer bees
  16 wights
  4 howler monkeys
  4 crimson imps
  A quasit (D:11)
  A bullfrog skeleton (D:11)
  4 centaur zombies
  5 hounds
  5 jellies
  21 orc priests
  18 orc wizards
  9 centaur skeletons
  Jessica (D:2)
  9 worker ants
  2 iguanas
  A hound zombie (D:8)
  A hound skeleton (D:8)
  Robin (D:3)
  2 worker ant zombies
  11 gnolls
  4 adders
  3 shadow imps
  3 adder zombies
  4 adder skeletons
  6 worms
  2 dart slugs (D:4)
  7 leopard geckos
  75 orcs
  4 bats
  2 giant cockroaches
  12 goblins
  5 hobgoblins
  6 jackals
  8 quokkas
  3 ball pythons
  3 ball python skeletons (Ossuary)
  6 frilled lizards
  A hobgoblin skeleton (Ossuary)
  A hobgoblin zombie (Ossuary)
  2 jackal skeletons
  47 kobolds
  A leopard gecko zombie (D:7)
  2 orc zombies (Ossuary)
  A quokka zombie (D:8)
  6 rats
  A plant (D:11)
586 creatures vanquished.

Vanquished Creatures (collateral kills)
  Azrael (Orc:1)
1 creature vanquished.

Vanquished Creatures (others)
  A deep elf mage (D:6)
  A boggart (D:15)
  An orc (Orc:2)
  5 fungi (D:11)
8 creatures vanquished.

Grand Total: 595 creatures vanquished

Notes
Turn   | Place    | Note
-------+----------+-------------------------------------------
     0 | D:1      | theRoog the Minotaur Berserker began the quest for the Orb.
     0 | D:1      | Reached XP level 1. HP: 19/19 MP: 0/0
   101 | D:1      | Reached skill level 4 in Polearms
   103 | D:1      | Reached XP level 2. HP: 24/27 MP: 1/1
   729 | D:2      | Reached XP level 3. HP: 29/33 MP: 2/2
   802 | D:2      | Reached ** piety under Trog
   950 | D:2      | Noticed Jessica
   962 | D:2      | HP: 1/33 [Jessica/nerve-wracking pain (14)]
   963 | D:2      | Killed Jessica
   963 | D:2      | Reached XP level 4. HP: 1/41 MP: 3/3
  1300 | D:2      | Reached skill level 5 in Polearms
  1612 | D:3      | Noticed Robin
  1620 | D:3      | Killed Robin
  1668 | D:3      | Noticed elan's ghost (amateur HEGl)
  1688 | D:3      | Killed elan's ghost
  1688 | D:3      | Reached XP level 5. HP: 27/47 MP: 4/4
  1930 | D:4      | Reached skill level 5 in Fighting
  1938 | D:4      | Reached skill level 6 in Polearms
  1938 | D:4      | Reached XP level 6. HP: 48/56 MP: 5/5
  2048 | D:4      | Noticed Grinder
  2064 | D:4      | Killed Grinder
  2064 | D:4      | Reached skill level 7 in Polearms
  2064 | D:4      | Reached XP level 7. HP: 44/61 MP: 6/6
  2078 | D:4      | Found a hide-covered altar of Uskayaw.
  2367 | D:4      | Found a radiant altar of Vehumet.
  2447 | D:5      | Entered Level 5 of the Dungeon
  2473 | D:5      | Found Itaqai Izirgh's Jewellery Shoppe.
  2531 | D:5      | Found Zuykinue's Magic Scroll Shop.
  2536 | D:5      | Reached *** piety under Trog
  2545 | D:5      | Reached skill level 5 in Armour
  2655 | D:5      | Reached skill level 1 in Shields
  2822 | D:5      | Found Eremubua's Distillery.
  3212 | D:6      | Reached skill level 8 in Polearms
  3278 | D:6      | Found a glowing golden altar of the Shining One.
  3294 | D:6      | Found a sand-covered staircase.
  3317 | Ossuary  | Entered an ossuary
  3330 | Ossuary  | Noticed elan's ghost (amateur HEGl)
  3350 | Ossuary  | Killed elan's ghost
  3350 | Ossuary  | Reached XP level 8. HP: 64/70 MP: 7/7
  3375 | Ossuary  | Reached **** piety under Trog
  3414 | Ossuary  | Noticed a flying skull
  3421 | Ossuary  | Noticed a flying skull
  3423 | Ossuary  | Noticed a flying skull
  3473 | Ossuary  | Reached skill level 9 in Polearms
  4521 | D:6      | Noticed Pikel
  4527 | D:6      | Killed Pikel
  4527 | D:6      | Reached skill level 10 in Polearms
  4527 | D:6      | Reached XP level 9. HP: 79/79 MP: 8/8
  4529 | D:6      | Noticed a deep elf mage
  4544 | D:6      | Killed a deep elf mage
  5031 | D:7      | Found a staircase to the Ecumenical Temple.
  5083 | D:7      | Gained mutation: Armour fits poorly on your strangely shaped body. [mutagenic meat]
  5084 | D:7      | Gained mutation: You are agile. (Dex +2) [mutagenic meat]
  5085 | D:7      | Gained mutation: Your body sometimes deteriorates upon taking damage. [mutagenic meat]
  5328 | D:7      | Gained mutation: Scrolls take you a little longer to read. [mutagenic meat]
  5597 | D:7      | Reached skill level 1 in Long Blades
  6323 | D:7      | Lost mutation: Armour fits poorly on your strangely shaped body. [potion of mutation]
  6323 | D:7      | Gained mutation: Your body often deteriorates upon taking damage. [potion of mutation]
  6323 | D:7      | Lost mutation: You are agile. (Dex +2) [potion of mutation]
  6325 | D:7      | Gained mutation: You are robust. (+10% HP) [potion of beneficial mutation]
  6581 | D:8      | Found a bloodstained altar of Trog.
  6583 | D:8      | Noticed Maurice
  6635 | D:8      | Killed Maurice
  6635 | D:8      | Reached skill level 5 in Shields
  6672 | D:8      | Got a polished spear
  6673 | D:8      | Identified the +9 spear of Unreason {pierce, *Noise +Rage Int+2 Stlth+} (You found it on level 8 of the Dungeon)
  6682 | D:8      | Noticed Grum
  6683 | D:8      | Noticed a centaur warrior
  6683 | D:8      | Noticed an orb spider
  6683 | D:8      | an orb spider changed into a hog
  6691 | D:8      | Noticed Prince Ribbit
  6713 | D:8      | Killed a centaur warrior
  6713 | D:8      | Reached skill level 5 in Long Blades
  6713 | D:8      | Reached XP level 10. HP: 63/99 MP: 9/9
  6724 | D:8      | Killed Grum
  6757 | D:8      | Killed Prince Ribbit
  7151 | D:8      | Reached skill level 11 in Polearms
  7174 | D:8      | Found a shattered altar of Ashenzari.
  7867 | D:9      | Reached ***** piety under Trog
  8124 | D:9      | Got a vibrating ruby amulet
  8341 | D:9      | Lost mutation: Scrolls take you a little longer to read. [potion of cure mutation]
  8341 | D:9      | Lost mutation: You are robust. (+10% HP) [potion of cure mutation]
  8341 | D:9      | Lost mutation: Your body often deteriorates upon taking damage. [potion of cure mutation]
  8341 | D:9      | Lost mutation: Your body sometimes deteriorates upon taking damage. [potion of cure mutation]
  8357 | D:10     | Entered Level 10 of the Dungeon
  8366 | D:10     | Noticed a hill giant
  8379 | D:10     | Killed a hill giant
  8402 | D:10     | Reached skill level 12 in Polearms
  8404 | D:10     | Reached XP level 11. HP: 98/99 MP: 10/10
  8433 | D:10     | Noticed Fannar
  8438 | D:10     | Received a gift from Trog
  8439 | D:10     | Got an iridescent trident {god gift}
  8451 | D:10     | Killed Fannar
  8458 | D:10     | Reached skill level 10 in Fighting
  8459 | D:10     | Found Keyx's Gadget Shoppe.
  8471 | D:10     | Identified the +8 trident "Userukh" {flame, Int+3} (Trog gifted it to you on level 10 of the Dungeon)
  8791 | D:10     | Noticed a hill giant
  8798 | D:10     | Killed a hill giant
  8798 | D:10     | Reached skill level 10 in Armour
  9090 | D:11     | Found a staircase to the Lair.
  9360 | D:11     | Noticed a red ugly thing
  9372 | D:11     | Killed a red ugly thing
  9372 | D:11     | Reached skill level 1 in Stealth
  9398 | D:11     | Noticed a hill giant
  9404 | D:11     | Killed a hill giant
  9414 | D:11     | Noticed Urug
  9423 | D:11     | Killed Urug
  9423 | D:11     | Reached skill level 13 in Polearms
  9461 | D:11     | Gained mutation: You are robust. (+10% HP) [mutagenic meat]
  9462 | D:11     | Gained mutation: You are weak. (Str -2) [mutagenic meat]
  9463 | D:11     | Lost mutation: You are robust. (+10% HP) [mutagenic meat]
  9464 | D:11     | Gained mutation: You are clumsy. (Dex -2) [mutagenic meat]
  9465 | D:11     | Gained mutation: You are covered in fur. (AC +1) [mutagenic meat]
  9894 | D:12     | Noticed a deep elf mage
  9897 | D:12     | Killed a deep elf mage
 10004 | D:12     | Killed an unseen horror
 10022 | D:12     | Reached XP level 12. HP: 98/110 MP: 11/11
 10320 | D:12     | Reached skill level 14 in Polearms
 10587 | D:12     | Found a staircase to the Orcish Mines.
 10996 | D:13     | Found a bloodstained altar of Trog.
 11070 | D:13     | Received a gift from Trog
 11189 | D:13     | Reached skill level 10 in Shields
 11284 | D:13     | Identified the amulet of Iwihor {Inacc MP+9} (You found it on level 9 of the Dungeon)
 11305 | D:13     | Reached skill level 15 in Polearms
 11368 | D:13     | Found a gate to the Vaults.
 11685 | D:13     | Reached XP level 13. HP: 119/119 MP: 12/12
 11873 | D:14     | Noticed Rupert
 11887 | D:14     | Killed Rupert
 12220 | D:15     | Entered Level 15 of the Dungeon
 12599 | D:14     | Gained mutation: You are very clumsy. (Dex -4) [mutagenic meat]
 12600 | D:14     | Gained mutation: You can translocate small distances at will. [mutagenic meat]
 12601 | D:14     | Lost mutation: You are very clumsy. (Dex -4) [mutagenic meat]
 12697 | D:14     | Identified a scroll of acquirement
 12703 | D:14     | Got a flickering steel ring
 12706 | D:14     | Identified the ring "Bobypof" {Fire Str+4} (You acquired it on level 14 of the Dungeon)
 13014 | D:15     | Reached ****** piety under Trog
 13196 | D:15     | Received a gift from Trog
 13244 | D:15     | Reached skill level 16 in Polearms
 13244 | D:15     | Reached XP level 14. HP: 113/133 MP: 6/13
 13529 | D:15     | Gained mutation: You have a pair of large horns on your head. [mutagenic meat]
 13530 | D:15     | Gained mutation: You are resistant to hostile enchantments. (MR+) [mutagenic meat]
 13532 | D:15     | Gained mutation: Armour fits poorly on your strangely shaped body. [mutagenic meat]
 13731 | D:15     | Gained mutation: You occasionally shout uncontrollably at your foes. [mutagenic meat]
 13733 | D:15     | Lost mutation: You are weak. (Str -2) [mutagenic meat]
 13862 | D:15     | Found a staircase to the Depths.
 14078 | Orc:1    | Entered Level 1 of the Orcish Mines
 14374 | Orc:2    | Entered Level 2 of the Orcish Mines
 14374 | Orc:2    | Found a roughly hewn altar of Beogh.
 14430 | Orc:2    | Noticed Azrael
 14471 | Orc:2    | Noticed Nessos
 14500 | Orc:1    | Killed Azrael
 14500 | Orc:1    | Reached skill level 15 in Fighting
 14624 | Orc:1    | Received a gift from Trog
 15130 | Orc:2    | Noticed an orc warlord
 15148 | Orc:2    | Killed an orc warlord
 15695 | Orc:2    | Killed Nessos
 15708 | Orc:2    | Found a staircase to the Elven Halls.
 16028 | Orc:2    | Killed from afar by an orc high priest

Skill      XL: |  1  2  3  4  5  6  7  8  9 10 11 12 13 14 |
---------------+-------------------------------------------+-----
Polearms       | 4 5 6 7 8 10 12 13 15 16 | 16.6
Fighting       | 4 5 6 7 8 9 11 12 14 15 | 15.1
Armour         | 3 4 5 7 8 9 10 11 12 13 | 13.4
Dodging        | 3 4 |  4.6
Shields        | 2 3 5 7 8 10 12 13 | 13.5
Long Blades    | 5 |  5.8
Stealth        | 1 |  1.5

Action                   |  1- 3 |  4- 6 |  7- 9 | 10-12 | 13-15 || total
-------------------------+-------+-------+-------+-------+-------++-------
Melee: Spear             |    93 |    93 |     8 |   258 |       ||   452
       Headbutt          |    11 |    22 |    85 |   101 |   143 ||   362
       Trident           |       |    34 |   326 |   459 |   726 ||  1545
       Falchion          |       |       |   146 |       |       ||   146
       Demon trident     |       |       |       |       |     7 ||     7
Invok: Berserk           |     1 |     1 |     4 |       |     5 ||    11
       Burn Spellbooks   |       |       |     1 |       |     1 ||     2
       Trog's Hand       |       |       |     1 |     2 |     3 ||     6
       Brothers in Arms  |       |       |       |       |     1 ||     1
  Use: Scroll            |       |     9 |    10 |     3 |     7 ||    29
       Potion            |       |     5 |    10 |     1 |     2 ||    18
 Stab: Invisible         |       |     2 |       |       |       ||     2
  Eat: Bread ration      |       |     1 |     1 |       |     1 ||     3
       Beef jerky        |       |     1 |     2 |       |       ||     3
       Meat ration       |       |       |     3 |       |     2 ||     5
       Chunk             |       |       |     4 |     5 |    13 ||    22
       Fruit             |       |       |       |    27 |       ||    27
       Pizza             |       |       |       |     1 |     3 ||     4
       Royal jelly       |       |       |       |     2 |       ||     2
Armor: Scale mail        |    25 |    25 |       |       |       ||    50
       Animal skin       |     1 |       |       |       |       ||     1
       Chain mail        |       |    28 |   100 |       |       ||   128
       Plate armour      |       |       |   227 |   236 |   225 ||   688
Dodge: Dodged            |    33 |    38 |   115 |    95 |   132 ||   413
Block: Shield            |       |     1 |   188 |   220 |   348 ||   757
       Rpst.: Falchion   |       |       |    11 |       |       ||    11
